 Dungeon Crawl Stone Soup version 0.30-a0-242-g7bf8e6d787 (webtiles) character file.

Game seed: 6897443541313530672

9573 koil the Covert (level 11, -1/56 HPs)
             Began as a Spriggan Enchanter on Oct 12, 2022.
             Was a High Priest of Okawaru.
             Shot with an arrow by a centaur (9 damage)
             ... led by a centaur warrior
             ... on level 13 of the Dungeon.
             The game lasted 01:01:11 (10891 turns).

koil the Covert (Spriggan Enchanter)               Turns: 10891, Time: 01:01:11

Health: -1/56      AC:  3    Str:  4    XL:     11   Next: 24%
Magic:  0/24       EV: 24    Int: 19    God:    Okawaru [*****.]
Gold:   245        SH:  0    Dex: 21    Spells: 20/26 levels left

rFire   . . .      SeeInvis +    a - +1 dagger (elec)
rCold   . . .      Faith    .    (no shield)
rNeg    + . .      Spirit   +    K - +0 robe of Ginybra {rN+ Dex+3}
rPois   .          Reflect  .    d - +1 hat of Okawaru, Keeping {Fly}
rElec   .          Harm     .    (no cloak)
rCorr   .          Rampage  .    (gloves unavailable)
Will    +....                    (boots unavailable)
Stlth   +++++.....               t - amulet of guardian spirit
HPRegen 0.29/turn                (no ring)
MPRegen 0.19/turn                (no ring)

@: flying, very quick
A: very small, no large weapons, unfitting armour, see invisible, speed 3
a: Renounce Religion, Heroism, Finesse, Duel


You were on level 13 of the Dungeon.
You worshipped Okawaru.
Okawaru was extremely pleased with you.
You visited 2 branches of the dungeon, and saw 12 of its levels.

You collected 517 gold pieces.
You spent 272 gold pieces at shops.

Inventory:

Hand Weapons
 a - a +1 dagger of electrocution (weapon)
 g - a +2 flail of protection
 s - a +1 spear of venom
 B - a +1 whip of flaming
 I - a +0 falchion of electrocution
 N - a +1 whip of electrocution
 O - a +0 quick blade of venom
 Q - a +1 dagger of freezing
 R - a +2 spear of venom
 S - a +1 dagger of speed
 V - a +3 vorpal trident
 Y - a +0 trident of protection
Missiles
 q - 33 poisoned darts (quivered)
 u - 4 atropa-tipped darts
 A - a throwing net
 U - a curare-tipped dart
Armour
 b - a +1 robe
 d - the +1 hat of Okawaru, Keeping (worn) {Fly}
   (Okawaru gifted it to you on level 8 of the Dungeon)

   Fly:       It grants you flight.
 C - a +0 robe
 G - a +2 robe of resistance
 K - the +0 robe of Ginybra (worn) {rN+ Dex+3}
   (You bought it in a shop on level 7 of the Dungeon)

   Dex:       It affects your dexterity (+3).
   rN:        It protects you from negative energy.
Magical Staves
 r - a staff of air
Jewellery
 t - an amulet of guardian spirit (around neck)
 E - an amulet of the acrobat
 M - an amulet of faith
Wands
 w - a wand of flame (4)
 x - a wand of iceblast (19)
 y - a wand of polymorph (18)
 D - a wand of charming (15)
 T - a wand of light (9)
Scrolls
 h - a scroll of enchant weapon
 i - a scroll of teleportation
 k - 3 scrolls of magic mapping
 l - 2 scrolls of blinking
 n - a scroll of fog
 o - a scroll of vulnerability
 p - a scroll of enchant armour
 L - 2 scrolls of poison
 X - a scroll of amnesia
Potions
 c - 4 potions of invisibility
 e - a potion of magic
 f - 5 potions of ambrosia
 j - 2 potions of haste
 m - 2 potions of curing
 v - a potion of heal wounds
 z - 2 potions of berserk rage
 F - a potion of flight
 H - a potion of resistance {unknown}
 J - a potion of mutation {unknown}
 P - a potion of lignification {unknown}
 W - a potion of brilliance {unknown}


   Skills:
 + Level 5.2 Fighting
 + Level 6.9 Short Blades
 + Level 8.7 Dodging
 + Level 10.9 Stealth
 + Level 8.2 Spellcasting
 + Level 8.4 Hexes
 + Level 5.1 Ice Magic
 + Level 7.1 Evocations


You had 20 spell levels left.
You knew the following spells:

 Your Spells              Type           Power      Damage    Failure   Level
a - Ensorcelled Hibernat  Hex/Ice        66%        N/A       1%          2
b - Confusing Touch       Hex            39%        N/A       1%          3
c - Slow                  Hex            100%       N/A       1%          1

Your spell library contained the following spells:

 Spells                   Type           Power      Damage    Failure   Level
 Cause Fear               Hex            19%        N/A       2%          4
 Dazzling Flash           Conj/Hex       46%        N/A       4%          3
 Beastly Appendage        Tmut           14%        N/A       9%          1
 Passwall                 Tmut/Erth      5%         N/A       14%         2
 Sublimation of Blood     Necr           7%         N/A       14%         2
 Wereblood                Tmut           7%         N/A       14%         2
 Ignite Poison            Fire/Tmut/Pois 7%         N/A       26%         3
 Kindle Blastsparks       Fire/Tloc/Air  14%        2d11      26%         3
 Spider Form              Tmut/Pois      7%         N/A       26%         3
 Swiftness                Air            7%         N/A       26%         3
 Vampiric Draining        Necr           7%         2d6       26%         3
 Freezing Cloud           Conj/Ice/Air   7%         6-21      77%         5
 Dragon Form              Tmut           3%         N/A       100%        7
 Tukima's Dance           Hex            Unusable   N/A       N/A         3
 Summon Hydra             Summ           Unusable   N/A       N/A         7
 Dragon's Call            Summ           Unusable   N/A       N/A         9

Dungeon Overview and Level Annotations

Branches:
Dungeon (10/15)            Temple (1/1) D:4
   Lair: D:8-11         Orc: D:9-12

Altars:
Ashenzari
Cheibriados
Dithmenos
Elyvilon
Fedhas
Gozag
Kikubaaqudgha
Makhleb
Nemelex Xobeh
Okawaru
Qazlal
Ru
Sif Muna
Trog
Uskayaw
Vehumet
Wu Jian
Xom
Yredelemnul
Zin
The Shining One

Shops:
D:5 ?   D:7 [?[   D:8 (


Innate Abilities, Weirdness & Mutations

You are very small and have problems with some larger weapons.
You are too small for most types of armour.
You have supernaturally acute eyesight. (SInv)
You cover ground extremely quickly. (Speed+++)


Message History

Press: ? - help, Shift-Dir - straight line, f/p - centaur warrior
Aim: a centaur warrior (chance to affect: 45%)
The centaur warrior resists with some effort.
The centaur warrior closely misses you. The centaur warrior barely misses you.
Casting: Ensorcelled Hibernation (safe; 1% risk of failure)
Confirm with . or Enter, or press ? or * to list all spells.
Aiming: Ensorcelled Hibernation (safe; 1% risk of failure)
Press: ? - help, Shift-Dir - straight line, f/p - centaur warrior
Aim: a centaur warrior (chance to affect: 45%)
The centaur warrior resists with some effort.
The centaur warrior hits you. The centaur warrior kicks you.
The centaur warrior hits you but does no damage.
The centaur warrior barely misses you.
Casting: Ensorcelled Hibernation (safe; 1% risk of failure)
Confirm with . or Enter, or press ? or * to list all spells.
Aiming: Ensorcelled Hibernation (safe; 1% risk of failure)
Press: ? - help, Shift-Dir - straight line, f/p - centaur warrior
Aim: a centaur warrior (chance to affect: 45%)
The centaur warrior looks drowsy...
The helpless centaur warrior fails to defend itself.
You stick the centaur warrior like a pincushion!!!!
Lightning courses through the centaur warrior!
You kill the centaur warrior!
Okawaru is honoured by your kill.
The centaur wields a +0 shortbow.
The centaur shoots an arrow.
The arrow misses you.
You hear a shout!
The centaur shoots an arrow.
The arrow completely misses you.
You hear a shout!
The centaur shoots an arrow.
The arrow misses you.
The centaur shoots an arrow.
The arrow misses you.
The centaur shoots an arrow.
The arrow completely misses you.
The centaur shoots an arrow.
The arrow completely misses you.
You reach down and open the door.
The centaur shoots an arrow.
The arrow hits you!
* * * LOW HITPOINT WARNING * * *
The arrow burns you.
* * * LOW HITPOINT WARNING * * *
The centaur shoots an arrow.
The arrow hits you!
You die...

#............[.#####
#........c.........#
#..................#
#.....c............##
#.....c#######.......
#......#.....#.......
#......#.....#.......
#......cc....#....>..
#......cc....@.......
#......#.....###.....
#......##......#.....
#...)...#......# .
#.......#......#
#.......#......#
####....'......#
#....#......#
##...########..


You could see 4 centaurs.

Vanquished Creatures
  A centaur warrior (D:13)
  A two-headed ogre (D:8)
  The ghost of KennySheep the Changer, a novice DgTm (D:8)
  Pikel (D:6)
  A gargoyle (D:13)
  2 hornets
  Grinder (D:5)
  Sigmund (D:6)
  A wraith (D:10)
  18 yaks
  Eustachio (D:6)
  A steam dragon (D:8)
  A water moccasin (D:6)
  3 orc warriors
  An ice beast (D:6)
  A sky beast (D:7)
  An ogre (D:5)
  4 centaurs
  2 phantoms
  3 kobold brigands
  4 bullfrogs
  3 gnoll sergeants (D:8)
  3 scorpions
  12 killer bees
  A howler monkey (D:6)
  3 jellies
  A hound (D:5)
  3 orc priests
  Ijyb (D:5)
  12 orc wizards
  A mummy (D:8)
  Robin (D:4)
  13 gnolls (D:8)
  5 adders
  3 white imps
  3 ufetubi
  2 worms (D:2)
  5 dart slugs
  28 orcs
  7 ball pythons
  4 bats
  5 endoplasms
  A giant cockroach (D:3)
  13 goblins
  8 hobgoblins
  3 quokkas
  3 frilled lizards
  21 kobolds
  8 rats
223 creatures vanquished.

Notes
Turn   | Place    | Note
-------+----------+-------------------------------------------
     0 | D:1      | koil the Spriggan Enchanter began the quest for the Orb.
     0 | D:1      | Reached XP level 1. HP: 9/9 MP: 5/5
   172 | D:1      | Found a faded altar of an unknown god.
   220 | D:1      | Reached XP level 2. HP: 9/13 MP: 6/6
   230 | D:1      | Learned a level 2 spell: Ensorcelled Hibernation
  1007 | D:2      | Reached XP level 3. HP: 17/17 MP: 8/8
  1021 | D:2      | Found a shimmering blue altar of Sif Muna.
  1173 | D:2      | Reached skill level 5 in Stealth
  1621 | D:3      | Reached XP level 4. HP: 8/21 MP: 2/10
  2002 | D:3      | Reached skill level 1 in Fighting
  2100 | D:3      | Identified the +6 chain mail of Gyros {Int+5 Stlth-}
  2622 | D:4      | Found a staircase to the Ecumenical Temple.
  2623 | D:4      | Noticed Robin
  2742 | D:4      | Killed Robin
  2880 | D:4      | Reached XP level 5. HP: 22/25 MP: 1/11
  3102 | D:4      | Noticed a phantom
  3106 | D:4      | Killed a phantom
  3107 | D:4      | Reached skill level 1 in Ice Magic
  3156 | D:4      | Found a bloodstained altar of Trog.
  3261 | Temple   | Entered the Ecumenical Temple
  3490 | Temple   | Became a worshipper of Warmaster Okawaru
  3593 | D:5      | Entered Level 5 of the Dungeon
  3620 | D:5      | Reached XP level 6. HP: 30/30 MP: 12/12
  3669 | D:5      | Reached skill level 6 in Stealth
  3774 | D:5      | Found Ludeut's Magic Scroll Boutique.
  3801 | D:5      | Reached * piety under Okawaru
  3842 | D:5      | Bought a scroll of fog for 44 gold pieces
  3842 | D:5      | Bought a scroll of vulnerability for 44 gold pieces
  4199 | D:5      | Learned a level 3 spell: Confusing Touch
  4245 | D:5      | Noticed Grinder
  4259 | D:5      | Killed Grinder
  4260 | D:5      | Reached skill level 5 in Hexes
  4260 | D:5      | Reached XP level 7. HP: 17/35 MP: 5/14
  4543 | D:5      | Reached skill level 5 in Dodging
  4575 | D:5      | Found a faded altar of an unknown god.
  4575 | D:5      | Found a shimmering altar of Xom.
  4583 | D:5      | Found a glowing silver altar of Zin.
  4583 | D:5      | Noticed Ijyb
  4585 | D:5      | Found a burning altar of Makhleb.
  4587 | D:5      | Found a stormy altar of Qazlal.
  4593 | D:5      | Killed Ijyb
  4684 | D:5      | Reached skill level 1 in Evocations
  4907 | D:6      | Noticed Pikel
  4952 | D:6      | Killed Pikel
  4952 | D:6      | Reached ** piety under Okawaru
  4952 | D:6      | Reached *** piety under Okawaru
  4953 | D:6      | Reached skill level 7 in Stealth
  4953 | D:6      | Reached skill level 5 in Spellcasting
  4953 | D:6      | Reached XP level 8. HP: 32/39 MP: 9/16
  5377 | D:6      | Noticed Sigmund
  5393 | D:6      | Killed Sigmund
  5635 | D:6      | Reached skill level 8 in Stealth
  5636 | D:6      | Reached **** piety under Okawaru
  5637 | D:6      | Reached XP level 9. HP: 44/44 MP: 11/18
  5649 | D:6      | Reached skill level 5 in Short Blades
  5788 | D:6      | Noticed Eustachio
  5791 | D:6      | Killed Eustachio
  6080 | D:7      | Found Acustulov's Antique Armour Emporium.
  6367 | D:7      | Reached ***** piety under Okawaru
  6580 | D:7      | Found Beix's Antique Armour Shop.
  6589 | D:7      | Bought a faintly glowing robe for 136 gold pieces
  6589 | D:7      | Identified the +0 robe of Ginybra {rN+ Dex+3} (You bought
                  | it in a shop on level 7 of the Dungeon)
  6630 | D:7      | Reached skill level 9 in Stealth
  6692 | D:7      | Found Ale Ygeng's Magic Scroll Emporium.
  6735 | D:7      | Reached skill level 5 in Evocations
  6843 | D:7      | Bought a scroll of poison for 48 gold pieces
  6859 | D:7      | Found a sacrificial altar of Ru.
  7315 | D:8      | Noticed a two-headed ogre
  7510 | D:8      | Reached XP level 10. HP: 49/49 MP: 18/21
  7518 | D:8      | Received a gift from Okawaru
  7668 | D:8      | Killed a two-headed ogre
  7684 | D:8      | Reached skill level 10 in Stealth
  7957 | D:8      | Found Gonnisun's Weapon Shoppe.
  7965 | D:8      | Found a snail-covered altar of Cheibriados.
  8110 | D:8      | Noticed KennySheep's ghost (novice DgTm)
  8122 | D:8      | Found a transporter.
  8126 | D:8      | Found a transporter.
  9068 | D:8      | Killed KennySheep's ghost
  9068 | D:8      | Identified the +1 hat of Okawaru, Keeping {Fly} (Okawaru
                  | gifted it to you on level 8 of the Dungeon)
  9068 | D:8      | Received a gift from Okawaru
  9349 | D:9      | Reached XP level 11. HP: 53/54 MP: 8/23
  9351 | D:9      | Learned a level 1 spell: Slow
  9622 | D:9      | Identified the +0 chain mail of Happiness {Dex+5 Stlth+}
  9783 | D:9      | Reached skill level 5 in Fighting
  9794 | D:9      | HP: 2/55 [killer bee (7)]
 10556 | D:9      | Reached skill level 5 in Ice Magic
 10638 | D:10     | Entered Level 10 of the Dungeon
 10777 | D:10     | You are sucked into a shaft and drop 3 floors!
 10857 | D:13     | Noticed a centaur warrior
 10883 | D:13     | Killed a centaur warrior
 10891 | D:13     | Shot with an arrow by a centaur

Illustrated notes

Levels and vault maps discovered:
D:1:      dpeg_arrival_ratfight, layout_basic,
          nicolae_ecumenical_snake_handling, interstate_on_off, minmay_tripent
D:2:      layout_rooms, basic_altar
D:3:      layout_loops_corners
D:4:      layout_rooms, bloody_trog, minmay_temple_entry_mist, uniq_robin
D:5:      layout_cave_pools, chequers_temple_overflow_minitemple, serial_shops,
          shop, uniq_ijyb, uniq_grinder
D:6:      layout_loops_corners, uniq_pikel, uniq_eustachio, uniq_sigmund
D:7:      layout_basic, nicolae_ru_the_path_less_chosen, serial_shops, shop,
          shop, shop
D:8:      layout_basic, slow_altar_1, serial_corexii_hall,
          chequers_hall_statues_wall_a, corexii_hall_statues_l,
          corexii_hall_statues_t, chequers_hall_statues_wall_a, serial_shops,
          nicolae_shop_behind_doors, gammafunk_ghost_hive
D:9:      layout_irregular_city, supply_closet_lemuel
D:10:     layout_cave_pods, worldfamousw_hep_ancestral_shrine,
          dpeg_oklobed_lair, orc_0_dummy, roderic_lattice_a
D:13:     layout_irregular_city, gauntlet_entry_generic
Temple:   nicolae_temple_bog_church

Skill      XL: |  1  2  3  4  5  6  7  8  9 10 11 |
---------------+----------------------------------+-----
Spellcasting   | 3 4 5 6 7 8 |  8.2
Dodging        | 3 4 5 6 7 8 |  8.7
Stealth        | 5 6 7 8 9 10 | 10.9
Short Blades   | 2 3 4 5 6 |  6.9
Hexes          | 4 5 6 7 8 |  8.4
Fighting       | 1 2 3 4 5 |  5.2
Ice Magic      | 1 2 3 4 5 |  5.1
Evocations     | 2 3 5 6 7 |  7.1

Action                   |  1- 3 |  4- 6 |  7- 9 | 10-12 || total
-------------------------+-------+-------+-------+-------++-------
Melee: Dagger            |   121 |   121 |   170 |   200 ||   612
       Punch             |     1 |     1 |     4 |     1 ||     7
 Cast: Ensorcelled Hiber |     6 |    21 |    56 |    71 ||   154
       Confusing Touch   |       |     2 |     5 |     3 ||    10
Evoke: Wand              |       |       |       |     1 ||     1
  Use: Scroll            |       |    13 |     1 |     7 ||    21
       Potion            |       |     1 |       |    11 ||    12
 Stab: Sleeping          |    13 |    23 |    44 |    42 ||   122
       Confused          |       |     2 |     5 |     4 ||    11
Armor: Robe              |    16 |     7 |    13 |    10 ||    46
       Skin              |       |       |     3 |       ||     3
Dodge: Dodged            |    79 |    74 |   113 |   295 ||   561

Table legend: (Time is in decaauts)
 A = Elapsed time spent in this place.
 B = Non-inter-level travel time spent in this place.
 C = Inter-level travel time spent in this place.
 D = Time resting spent in this place.
 E = Time spent auto-exploring this place.
 F = Levels seen in this place.
 G = Mean time per level.
                   A        B        C        D        E       F      G
               +--------+--------+--------+--------+--------+-----+--------+
         Total |   7988 |   7718 |    270 |   1214 |   4467 |  12 |  665.7 |
       Dungeon |   7767 |   7512 |    255 |   1187 |   4358 |  11 |  706.1 |
        Temple |    221 |    206 |     15 |     27 |    109 |   1 |  221.0 |
               +--------+--------+--------+--------+--------+-----+--------+

Top non-repeatable levels by time:
     D:8: 1513 daAuts
     D:9: 1104 daAuts
     D:5: 864 daAuts
     D:7: 852 daAuts
     D:6: 834 daAuts
     D:3: 771 daAuts
     D:4: 762 daAuts
     D:1: 602 daAuts
     D:2: 302 daAuts
  Temple: 221 daAuts
    D:10: 85 daAuts
    D:13: 76 daAuts
